PAA
SALEM MISFITS @ LITTLE CAESARS HOT N READYS
07/29/2027
 
TOP OF THE 1ST
Salem Misfits batting - Pitching for Little Caesars Hot N Readys : RHP Curt Arellano
Pitching: RHP Curt Arellano
Batting: RHB Jorge Gómez 0-0: Ball
1-0: Ball
2-0: Foul Ball, location: 2F
2-1: Ball
3-1: Base on Balls
Batting: LHB Jorge García 0-0: Ball
Jorge Gómez steals 2nd base
1-0: Called Strike
1-1: Ball
2-1: Foul Ball, location: 2F
2-2: Fly out, F6 (Popup, 6M)
Batting: LHB Austin Hathaway 0-0: Ball
Jorge Gómez steals 3rd base
1-0: Ball
2-0: Ball
3-0: Called Strike
3-1: Called Strike
3-2: SINGLE (Line Drive, 56)
Jorge Gómez scores
Batting: LHB Brent van Schoonhoven 0-0: Ball
1-0: Swinging Strike
1-1: Foul Ball, location: 2F
1-2: Strikes out swinging
Batting: LHB Estefan Carrasco 0-0: Ball
1-0: Ball
2-0: Swinging Strike
2-1: Ball
3-1: Foul Ball, location: 2F
3-2: Base on Balls
Austin Hathaway to second
Batting: RHB Ryan Fiore 0-0: Called Strike
0-1: Ball
1-1: Foul Ball, location: 2F
1-2: Fielders Choice at 2nd, 5-4 (Groundball, 5)
Top of the 1st over - 1 run(s), 1 hit(s), 0 error(s), 1 left on base; Salem 1 - Little Caesars 0
BOTTOM OF THE 1ST
Little Caesars Hot N Readys batting - Pitching for Salem Misfits : LHP Rob Murphy
Pitching: LHP Rob Murphy
Batting: RHB George St. Clair 0-0: Ball
1-0: Ball
2-0: Ball
3-0: Called Strike
3-1: Base on Balls
Batting: RHB Trevor Holmes 0-0: Ball
George St. Clair steals 2nd base
1-0: Foul Ball, location: 2F
1-1: Swinging Strike
1-2: Foul Ball, location: 2F
1-2: Ball
2-2: Foul Ball, location: 2F
2-2: Ball
3-2: SINGLE (Line Drive, 34D)
George St. Clair to third
Batting: RHB Ramiro Gonzáles 0-0: Ball
1-0: Ball
2-0: Ball
3-0: Called Strike
3-1: Fly out, F5 (Popup, 5D)
Batting: RHB Ralph Cranford 0-0: Swinging Strike
0-1: Ball
1-1: Ball
2-1: Swinging Strike
2-2: Strikes out swinging
Batting: RHB Luis Aragón 0-0: Ball
1-0: Foul Ball, location: 2F
1-1: Foul Ball, location: 2F
1-2: Fly out, F9 (Line Drive, 9S)
Bottom of the 1st over - 0 run(s), 1 hit(s), 0 error(s), 2 left on base; Salem 1 - Little Caesars 0
TOP OF THE 2ND
Salem Misfits batting - Pitching for Little Caesars Hot N Readys : RHP Curt Arellano
Batting: LHB Tyler Knopp 0-0: Called Strike
0-1: Hit by Pitch
Batting: RHB Jorge Ramos 0-0: Called Strike
0-1: Ball
1-1: Called Strike
1-2: Ball
2-2: Foul Ball, location: 2F
2-2: Ball
3-2: Base on Balls
Tyler Knopp to second
Batting: RHB Paul O'Neill 0-0: Ball
1-0: Ball
2-0: Ball
3-0: Swinging Strike
3-1: Foul Ball, location: 2F
3-2: Foul Ball, location: 2F
3-2: Foul Ball, location: 2F
3-2: Strikes out swinging
Batting: RHB Jorge Gómez 0-0: Ground out U3 (Groundball, 34S)
Tyler Knopp to third
Jorge Ramos to second
Batting: LHB Jorge García 0-0: Ball
1-0: Ball
2-0: Called Strike
2-1: SINGLE (Groundball, 56D)
Tyler Knopp scores
Jorge Ramos to third
Runner from 3rd tries for Home, SAFE, no throw
Batting: LHB Austin Hathaway 0-0: Called Strike
0-1: Ball
1-1: Swinging Strike
1-2: Ball
2-2: Fly out, F7 (Flyball, 7LM)
Top of the 2nd over - 2 run(s), 1 hit(s), 0 error(s), 1 left on base; Salem 3 - Little Caesars 0
BOTTOM OF THE 2ND
Little Caesars Hot N Readys batting - Pitching for Salem Misfits : LHP Rob Murphy
Batting: LHB Greg Scroggins 0-0: Ball
1-0: Fly out, F6 (Line Drive, 6)
Batting: RHB Bartolo Benítez 0-0: Called Strike
0-1: Ground out 6-3 (Groundball, 6S)
Batting: RHB Júlio Morín 0-0: Ball
1-0: Called Strike
1-1: Foul Ball, location: 2F
1-2: Ball
2-2: SINGLE (Groundball, 56S) (infield hit)
Batting: RHB Levi Tess 0-0: Ball
1-0: Ball
2-0: Called Strike
2-1: Ground out 5-3 (Groundball, 56S)
Bottom of the 2nd over - 0 run(s), 1 hit(s), 0 error(s), 1 left on base; Salem 3 - Little Caesars 0
TOP OF THE 3RD
Salem Misfits batting - Pitching for Little Caesars Hot N Readys : RHP Curt Arellano
Batting: LHB Brent van Schoonhoven 0-0: Ball
1-0: Called Strike
1-1: Ball
2-1: Called Strike
2-2: TRIPLE (Flyball, 89XD)
Batting: LHB Estefan Carrasco 0-0: Called Strike
0-1: SINGLE (Groundball, 34D)
Brent van Schoonhoven scores
Batting: RHB Ryan Fiore 0-0: Called Strike
0-1: Ball
1-1: Swinging Strike
1-2: Foul Ball, location: 2F
1-2: Foul Ball, location: 2F
1-2: SINGLE (Line Drive, 5)
Estefan Carrasco to second
Batting: LHB Tyler Knopp 0-0: Called Strike
0-1: Called Strike
0-2: Foul Ball, location: 2F
0-2: Ball
1-2: Ball
2-2: Grounds into double play, 3-6-3 (Groundball, 34)
Estefan Carrasco to third
Batting: RHB Jorge Ramos 0-0: Ground out U3 (Groundball, 34)
Top of the 3rd over - 1 run(s), 3 hit(s), 0 error(s), 1 left on base; Salem 4 - Little Caesars 0
BOTTOM OF THE 3RD
Little Caesars Hot N Readys batting - Pitching for Salem Misfits : LHP Rob Murphy
Batting: RHB George St. Clair 0-0: Swinging Strike
0-1: Swinging Strike
0-2: Ball
1-2: Strikes out swinging
Batting: RHB Trevor Holmes 0-0: Ball
1-0: Ball
2-0: Ball
3-0: Called Strike
3-1: Foul Ball, location: 2F
3-2: Foul Ball, location: 2F
3-2: Foul Ball, location: 2F
3-2: Fly out, F5 (Line Drive, 56)
Batting: RHB Ramiro Gonzáles 0-0: Called Strike
0-1: Called Strike
0-2: Foul Ball, location: 2F
0-2: Foul Ball, location: 2F
0-2: Ball
1-2: SINGLE (Line Drive, 56D)
Batting: RHB Ralph Cranford 0-0: Ball
1-0: Fly out, F8 (Flyball, 8LM)
Bottom of the 3rd over - 0 run(s), 1 hit(s), 0 error(s), 1 left on base; Salem 4 - Little Caesars 0
TOP OF THE 4TH
Salem Misfits batting - Pitching for Little Caesars Hot N Readys : RHP Curt Arellano
Batting: RHB Paul O'Neill 0-0: Swinging Strike
0-1: Called Strike
0-2: Ball
1-2: Fly out, F8 (Flyball, 8RM)
Batting: RHB Jorge Gómez 0-0: Ball
1-0: Ball
2-0: Ball
3-0: Base on Balls
Batting: LHB Jorge García 0-0: Fly out, F9 (Flyball, 9LDF)
Batting: LHB Austin Hathaway 0-0: SINGLE (Line Drive, 89S)
Jorge Gómez to second
Batting: LHB Brent van Schoonhoven 0-0: Ball
1-0: Foul Ball, location: 2F
1-1: Foul Ball, location: 2F
1-2: Ball
2-2: Strikes out swinging
Top of the 4th over - 0 run(s), 1 hit(s), 0 error(s), 2 left on base; Salem 4 - Little Caesars 0
BOTTOM OF THE 4TH
Little Caesars Hot N Readys batting - Pitching for Salem Misfits : LHP Rob Murphy
Batting: RHB Luis Aragón 0-0: Ball
1-0: Swinging Strike
1-1: Ball
2-1: Ball
3-1: Base on Balls
Batting: LHB Greg Scroggins 0-0: Ball
1-0: Ball
2-0: Called Strike
2-1: Foul Ball, location: 2F
2-2: Strikes out looking
Batting: RHB Bartolo Benítez 0-0: Fly out, F9 (Flyball, 9LSF)
Batting: RHB Júlio Morín 0-0: Called Strike
0-1: DOUBLE (Line Drive, 7LD)
Luis Aragón to third
Runner from 3rd tries for Home, SAFE, no throw
Batting: RHB Levi Tess 0-0: Foul Ball, location: 2F
0-1: Fly out, F1 (Line Drive, 13)
Bottom of the 4th over - 1 run(s), 1 hit(s), 0 error(s), 1 left on base; Salem 4 - Little Caesars 1
TOP OF THE 5TH
Salem Misfits batting - Pitching for Little Caesars Hot N Readys : RHP Curt Arellano
Batting: LHB Estefan Carrasco 0-0: Ground out U3 (Groundball, 3)
Batting: RHB Ryan Fiore 0-0: Ball
1-0: Foul Ball, location: 2F
1-1: Called Strike
1-2: Fly out, F9 (Flyball, 9S)
Batting: LHB Tyler Knopp 0-0: Foul Ball, location: 2F
0-1: Called Strike
0-2: Foul Ball, location: 2F
0-2: Foul Ball, location: 2F
0-2: Foul Ball, location: 2F
0-2: Fly out, F6 (Popup, 6)
Top of the 5th over - 0 run(s), 0 hit(s), 0 error(s), 0 left on base; Salem 4 - Little Caesars 1
BOTTOM OF THE 5TH
Little Caesars Hot N Readys batting - Pitching for Salem Misfits : LHP Rob Murphy
Batting: RHB George St. Clair 0-0: Called Strike
0-1: SINGLE (Groundball, 6M) (infield hit)
Batting: RHB Trevor Holmes 0-0: Bunt missed!
0-1: Ball
1-1: Ball
2-1: Sac Bunt - play at first, batter OUT! 5-4
George St. Clair to second
Batting: RHB Ramiro Gonzáles 0-0: Fly out, F6 (Line Drive, 6)
Batting: RHB Ralph Cranford 0-0: Called Strike
0-1: Foul Ball, location: 2F
0-2: Foul Ball, location: 2F
0-2: SINGLE (Line Drive, 4D)
George St. Clair to third
Throwing error, E9
George St. Clair scores
Ralph Cranford to second
Batting: RHB Luis Aragón 0-0: Swinging Strike
0-1: Called Strike
0-2: Ground out 5-3 (Groundball, 56S)
Bottom of the 5th over - 1 run(s), 2 hit(s), 1 error(s), 1 left on base; Salem 4 - Little Caesars 2
TOP OF THE 6TH
Salem Misfits batting - Pitching for Little Caesars Hot N Readys : RHP Curt Arellano
Batting: RHB Jorge Ramos 0-0: Foul Ball, location: 2F
0-1: Ground out 5-3 (Groundball, 56S)
Batting: RHB Paul O'Neill 0-0: Called Strike
0-1: Foul Ball, location: 2F
0-2: Fly out, F7 (Flyball, 7)
Batting: RHB Jorge Gómez 0-0: Ground out 4-3 (Groundball, 4)
Top of the 6th over - 0 run(s), 0 hit(s), 0 error(s), 0 left on base; Salem 4 - Little Caesars 2
BOTTOM OF THE 6TH
Little Caesars Hot N Readys batting - Pitching for Salem Misfits : LHP Rob Murphy
Batting: LHB Greg Scroggins 0-0: Ball
1-0: SINGLE (Flyball, 89S) - OUT at second base trying to stretch hit.
Batting: RHB Bartolo Benítez 0-0: Ball
1-0: Hit by Pitch
Batting: RHB Júlio Morín 0-0: Called Strike
Bartolo Benítez steals 2nd base
0-1: Ball
1-1: Foul Ball, location: 2F
1-2: Ball
2-2: Foul Ball, location: 2F
2-2: Foul Ball, location: 2F
2-2: Foul Ball, location: 2F
2-2: Foul Ball, location: 2F
2-2: Ground out 6-3 (Groundball, 6M)
Bartolo Benítez to third
Batting: RHB Levi Tess 0-0: Foul Ball, location: 2F
0-1: Swinging Strike
0-2: Ball
1-2: Ball
2-2: Foul Ball, location: 2F
2-2: SINGLE (Groundball, 56D)
Bartolo Benítez scores
Batting: RHB George St. Clair 0-0: Called Strike
0-1: Ball
1-1: Ball
2-1: Fly out, F9 (Line Drive, 89M)
Bottom of the 6th over - 1 run(s), 2 hit(s), 0 error(s), 1 left on base; Salem 4 - Little Caesars 3
TOP OF THE 7TH
Salem Misfits batting - Pitching for Little Caesars Hot N Readys : RHP Curt Arellano
Pitching: RHP Kermit Sebold
Batting: LHB Jorge García 0-0: Ground out 4-3 (Groundball, 34)
Batting: LHB Austin Hathaway 0-0: Called Strike
0-1: Ball
1-1: SINGLE (Line Drive, 78S)
Batting: LHB Brent van Schoonhoven 0-0: Called Strike
0-1: Swinging Strike
0-2: Fly out, F9 (Flyball, 89XD)
Batting: LHB Estefan Carrasco 0-0: Called Strike
0-1: Foul Ball, location: 2F
0-2: Ball
1-2: Foul Ball, location: 2F
1-2: Ball
2-2: Foul Ball, location: 2F
2-2: Foul Ball, location: 2F
2-2: Foul Ball, location: 2F
2-2: Ball
3-2: Fly out, F9 (Flyball, 9LM)
Top of the 7th over - 0 run(s), 1 hit(s), 0 error(s), 1 left on base; Salem 4 - Little Caesars 3
BOTTOM OF THE 7TH
Little Caesars Hot N Readys batting - Pitching for Salem Misfits : LHP Rob Murphy
Batting: RHB Trevor Holmes 0-0: Called Strike
0-1: Foul Ball, location: 2F
0-2: Ball
1-2: Ground out 6-3 (Groundball, 6)
Batting: RHB Ramiro Gonzáles 0-0: DOUBLE (Line Drive, 7)
Pitching: RHP Kelly Henry
Batting: RHB Ralph Cranford 0-0: Fly out, F7 (Flyball, 7LS)
Pinch Hitting: RHB Jim Unknown 0-0: Ball
1-0: Ball
2-0: Ball
3-0: Base on Balls
Batting: LHB Greg Scroggins 0-0: Ball
1-0: Foul Ball, location: 2F
1-1: Foul Ball, location: 2F
1-2: Ball
2-2: Ground out U3 (Groundball, 34)
Bottom of the 7th over - 0 run(s), 1 hit(s), 0 error(s), 2 left on base; Salem 4 - Little Caesars 3
TOP OF THE 8TH
Salem Misfits batting - Pitching for Little Caesars Hot N Readys : RHP Kermit Sebold
Now at 3B: Mo Zhou
Batting: RHB Ryan Fiore 0-0: Foul Ball, location: 2F
0-1: Fly out, F8 (Line Drive, 8LM)
Batting: LHB Tyler Knopp 0-0: Ground out U3 (Groundball, 3)
Batting: RHB Jorge Ramos 0-0: Ball
1-0: Called Strike
1-1: Ball
2-1: Foul Ball, location: 2F
2-2: Foul Ball, location: 2F
2-2: Ball
3-2: Foul Ball, location: 2F
3-2: Strikes out swinging
Top of the 8th over - 0 run(s), 0 hit(s), 0 error(s), 0 left on base; Salem 4 - Little Caesars 3
BOTTOM OF THE 8TH
Little Caesars Hot N Readys batting - Pitching for Salem Misfits : RHP Kelly Henry
Pitching: RHP Elmer García
Now at C: Miguel Torres
Batting: RHB Bartolo Benítez 0-0: Swinging Strike
0-1: Called Strike
0-2: Ball
1-2: Foul Ball, location: 2F
1-2: Ball
2-2: Foul Ball, location: 2F
2-2: Ball
3-2: Ground out 4-3 (Groundball, 34)
Batting: RHB Júlio Morín 0-0: Called Strike
0-1: Ball
1-1: SINGLE (Groundball, 34D)
Pinch Hitting: RHB Roberto Hernández 0-0: Ball
1-0: Ball
2-0: Foul Ball, location: 2F
2-1: Ball
3-1: Called Strike
3-2: Foul Ball, location: 2F
3-2: Fly out, F7 (Flyball, 78S)
Pinch Hitting: RHB Mike Thompson 0-0: Ball
1-0: Foul Ball, location: 2F
1-1: Ball
2-1: Fielders Choice at 2nd, 6-4 (Groundball, 6)
Bottom of the 8th over - 0 run(s), 1 hit(s), 0 error(s), 0 left on base; Salem 4 - Little Caesars 3
TOP OF THE 9TH
Salem Misfits batting - Pitching for Little Caesars Hot N Readys : RHP Kermit Sebold
Pitching: RHP Noah Shellenbarger
Now at SS: Jackie Coogan
Now in LF: Roberto Hernández
Batting: RHB Paul O'Neill 0-0: Swinging Strike
0-1: Called Strike
0-2: Ball
1-2: Foul Ball, location: 2F
1-2: Strikes out swinging
Batting: RHB Jorge Gómez 0-0: Ball
1-0: Ball
2-0: Foul Ball, location: 2F
2-1: Ball
3-1: SINGLE (Groundball, 34D)
Batting: LHB Jorge García 0-0: Ball
Jorge Gómez is caught stealing 2nd base
1-0: Ball
2-0: Ball
3-0: Base on Balls
Batting: LHB Austin Hathaway 0-0: Called Strike
0-1: Swinging Strike
0-2: SINGLE (Line Drive, 6D)
Jorge García to second
Batting: LHB Brent van Schoonhoven 0-0: Foul Ball, location: 2F
0-1: Swinging Strike
0-2: Ball
1-2: Strikes out swinging
Top of the 9th over - 0 run(s), 2 hit(s), 0 error(s), 2 left on base; Salem 4 - Little Caesars 3
BOTTOM OF THE 9TH
Little Caesars Hot N Readys batting - Pitching for Salem Misfits : RHP Elmer García
Pitching: RHP Jim Unknown
Batting: RHB Trevor Holmes 0-0: Ball
1-0: Called Strike
1-1: SINGLE (Flyball, 8RS)
Batting: RHB Ramiro Gonzáles 0-0: Foul Ball, location: 2F
0-1: Ball
1-1: Ball
2-1: Foul Ball, location: 2F
2-2: Foul Ball, location: 2F
2-2: Strikes out swinging
Batting: RHB Ralph Cranford 0-0: Ball
1-0: Ball
2-0: Ball
3-0: Base on Balls
Trevor Holmes to second
Pinch Hitting: LHB Bryan Gregg 0-0: Ball
1-0: Ball
2-0: Foul Ball, location: 2F
2-1: Swinging Strike
2-2: Fly out, F7 (Flyball, 7)
Batting: LHB Greg Scroggins 0-0: Ball
1-0: Called Strike
1-1: Called Strike
1-2: Foul Ball, location: 2F
1-2: Fly out, F7 (Flyball, 78M)
Bottom of the 9th over - 0 run(s), 1 hit(s), 0 error(s), 2 left on base; Salem 4 - Little Caesars 3
Saturday, May 26th, 2018 - OOTP Baseball 17.12 Build 75